 Dungeon Crawl Stone Soup version 0.30.0-10-gfe55d96785 (webtiles) character file.

Game seed: 7956215501277934106

298 jlumianski the Covered (level 6, 0/48 HPs)
             Began as a Demonspawn Fighter on May 16, 2023.
             Slain by Duvessa
             ... wielding a +0 short sword of electrocution
              (17 damage)
             ... on level 4 of the Dungeon.
             The game lasted 00:12:09 (3824 turns).

jlumianski the Covered (Demonspawn Fighter)         Turns: 3824, Time: 00:12:09

Health: 0/48       AC: 10    Str: 18    XL:     6   Next: 13%
Magic:  6/6        EV:  9    Int:  9    God:
Gold:   140        SH:  4    Dex: 13    Spells: 5/5 levels left

rFire   . . .        a - +0 war axe
rCold   . . .        c - +0 buckler
rNeg    . . .        b - +0 scale mail
rPois   .            (helmet unavailable)
rElec   .            (no cloak)
rCorr   .            v - +0 pair of gloves
SInv    +            (no boots)
Will    .....        (no amulet) Stlth
                     (no ring)
HPRegen 0.28/turn    (no ring)
MPRegen 0.10/turn

%: no passive effects
@: no status effects
A: antennae 3, yellow scales 1
a: no special abilities


You were on level 4 of the Dungeon.
You visited 1 branch of the dungeon, and saw 5 of its levels.

You collected 160 gold pieces.
You spent 20 gold pieces at shops.

Inventory:

Hand Weapons
 a - a +0 war axe (weapon)
 s - a +2 short sword of venom
Missiles
 e - 34 stones (quivered)
 y - 2 throwing nets
Armour
 b - a +0 scale mail (worn)
 c - a +0 buckler (worn)
 v - a +0 pair of gloves (worn)
Jewellery
 w - an amulet of magic regeneration
 A - a ring of magical power
Wands
 t - a wand of polymorph (2)
Scrolls
 k - a scroll of immolation {unknown}
 l - a scroll of silence {unknown}
 n - 2 scrolls of poison
 o - a scroll of butterflies {unknown}
 p - a scroll of blinking {unknown}
 q - a scroll of vulnerability {unknown}
 u - 2 scrolls of enchant weapon {unknown}
 x - a scroll of teleportation {unknown}
 B - a scroll of brand weapon {unknown}
Potions
 d - 2 potions of might
 f - a potion of attraction
 g - a potion of haste
 h - a potion of lignification
 i - a potion of degeneration {unknown}
 j - a potion of resistance {unknown}
 r - 2 potions of curing
 z - a potion of berserk rage {unknown}


   Skills:
 + Level 3.7 Fighting
 + Level 4.0 Axes
 + Level 0.2 Throwing
 + Level 4.2 Armour
 + Level 0.6 Dodging
 + Level 3.1 Shields


You had 5 spell levels left.
You didn't know any spells.
Your spell library contained the following spells:

 Spells                   Type           Power      Damage    Failure   Level
 Freeze                   Ice            0%         1d3       83%         1
 Slow                     Hex            0%         N/A       83%         1
 Call Canine Familiar     Summ           0%         N/A       99%         3
 Confusing Touch          Hex            0%         N/A       99%         3
 Frozen Ramparts          Ice            0%         1d1       99%         3
 Hailstorm                Conj/Ice       0%         3d3       99%         3
 Portal Projectile        Hex/Tloc       0%         N/A       99%         3
 Vampiric Draining        Necr           0%         2d6       99%         3
 Leda's Liquefaction      Hex/Erth       0%         N/A       100%        4


Dungeon Overview and Level Annotations

Branches:
Dungeon (5/15)
 Temple: D:4-7

Altars:
Cheibriados
Makhleb

Shops:
D:2 ?

Annotations:
D:4 Duvessa


Innate Abilities, Weirdness & Mutations

You have a pair of large antennae on your head. (SInv)
You are partially covered in yellow scales. (AC +2)


Message History

You touch Dowan.
You kill Dowan!
You hear a distant scream of rage.
Your Axes skill increases to level 4!
You have reached level 6!
Your demonic ancestry asserts itself...
The antennae on your head grow some more.
Your transformation is almost over.
t - a wand of polymorph (2)
Things that are here:
a +0 dagger; a +0 robe; the elf corpse of Dowan You condense into your normal self.
Your +0 war axe unmelds from your body.
Your +0 pair of gloves unmelds from your body.
Your +0 buckler unmelds from your body.
Your +0 scale mail unmelds from your body.
You sense a monster nearby.
Duvessa, Sister of Dowan comes into view.
She is wielding a +0 short sword of electrocution and wearing a +2 leather armour of cold resistance.
Throw: dart (poison)
Press: ? - help, Q - select action, (/) - cycle Shift-Dir - straight line, f - Duvessa
Aim: Duvessa, wielding a +0 short sword of electrocution and wearing a +2 leather armour of cold resistance (wandering, hasn't noticed you, 61% to hit)
You throw a poisoned dart. The poisoned dart hits Duvessa.
Duvessa shouts!
Duvessa goes berserk!
Okay, then.
Duvessa hits you with a +0 short sword of electrocution.
You are electrocuted!
You slash Duvessa!
Duvessa is moderately wounded.
Duvessa hits you with a +0 short sword of electrocution.
You block Duvessa's attack.
You closely miss Duvessa.
Duvessa is moderately wounded.
Duvessa hits you with a +0 short sword of electrocution.
Duvessa barely misses you.
You barely miss Duvessa.
Duvessa is moderately wounded.
Duvessa hits you with a +0 short sword of electrocution.
Duvessa hits you but does no damage.
You are electrocuted!
You die...

#.. ####.##..##..#...
#..##....#..###..#...
##.........## ##.# ..
##.........## #.####
#.........## #.....
##........## #...##
#.........# #...#
#....?...## #..##
#.....@..# #...#
#.....e..# #...#
#.......## #...#
#.......# ....#
##.....## #...(.#
##..### ##.#######
####.........


You could see Duvessa (berserk).

Vanquished Creatures
  A scorpion (D:4)
  Dowan (D:4)
  A jelly (D:3)
  3 gnolls
  5 adders
  6 worms
  2 dart slugs
  11 ball pythons
  2 bats
  5 endoplasms
  8 goblins
  4 hobgoblins
  4 jackals
  8 kobolds
  4 quokkas
  5 frilled lizards (D:2)
  7 rats
77 creatures vanquished.

Notes
Turn   | Place    | Note
-------+----------+-------------------------------------------
     0 | D:1      | jlumianski the Demonspawn Fighter began the quest for the
                  | Orb.
     0 | D:1      | Reached XP level 1. HP: 18/18 MP: 1/1
   275 | D:2      | Gained mutation: You are partially covered in yellow
                  | scales. (AC +2) [demonic ancestry]
   275 | D:2      | Reached XP level 2. HP: 10/24 MP: 2/2
   483 | D:3      | Found a burning altar of Makhleb.
   484 | D:3      | Noticed an angel
   484 | D:3      | Noticed a green death
   608 | D:2      | Found Weedoag's Magic Scroll Shoppe.
   627 | D:2      | Gained mutation: You have a pair of small antennae on your
                  | head. [demonic ancestry]
   627 | D:2      | Reached XP level 3. HP: 28/29 MP: 3/3
   631 | D:2      | Bought a scroll of identify for 20 gold pieces
  1899 | D:2      | Gained mutation: You have a pair of antennae on your head.
                  | [demonic ancestry]
  1899 | D:2      | Reached XP level 4. HP: 35/35 MP: 4/4
  2909 | D:3      | Reached XP level 5. HP: 19/41 MP: 5/5
  3490 | D:5      | Entered Level 5 of the Dungeon
  3659 | D:4      | Found a snail-covered altar of Cheibriados.
  3701 | D:4      | Noticed Dowan
  3757 | D:4      | Killed Dowan
  3758 | D:4      | Gained mutation: You have a pair of large antennae on your
                  | head. (SInv) [demonic ancestry]
  3758 | D:4      | Reached XP level 6. HP: 42/48 MP: 6/6
  3818 | D:4      | Noticed Duvessa
  3824 | D:4      | Slain by Duvessa

Illustrated notes

Levels and vault maps discovered:
D:1:      ncdulo_halloftheorcs, layout_loops_corners
D:2:      minmay_razor_zed, layout_loops_ring, serial_forest,
          infiniplex_forest_lined_2, infiniplex_forest_split,
          infiniplex_forest_clump_cross, infiniplex_forest_clump_medium,
          infiniplex_forest_lined_3_way, infiniplex_forest_clump_tiny,
          infiniplex_forest_lined_room_2, infiniplex_forest_lined_ring,
          infiniplex_forest_end_2, serial_shops, shop
D:3:      layout_basic, grunt_temple_overflow_order_and_chaos_2
D:4:      layout_cave_pods, lemuel_tele_altar, minmay_temple_entry_ruins,
          serial_shops, nicolae_shop_stone, nicolae_shop_tiny_glass, shop, shop,
          shop, pf_guarded_unrand_woodcutter, uniq_duvessa
D:5:      layout_rooms, nicolae_overflow_hallway_of_the_gods, uniq_edmund

Skill      XL: |  1  2  3  4  5 |
---------------+----------------+-----
Armour         | 3 4 |  4.2
Axes           | 2 3 4 |  4.0
Shields        | 3 |  3.1
Fighting       | |  3.7
Throwing       | |  0.2
Dodging        | |  0.6

Action                     |  1- 3 |  4- 6 || total
---------------------------+-------+-------++-------
  Melee: War axe           |   137 |   166 ||   303
         Unarmed           |       |     7 ||     7
  Throw: Dart              |       |     4 ||     4
         Stone             |       |     2 ||     2
    Use: Scroll            |     3 |     1 ||     4
         Potion            |     1 |       ||     1
 Armour: Scale mail        |    56 |    42 ||    98
  Dodge: Dodged            |    59 |    41 ||   100
  Block: Buckler           |    35 |    19 ||    54
